[Event "Titled Tuesday Blitz May 23 Late 2023"]
[White "D`Arruda, Ricardo D."]
[Black "Colas, Joshua"]
[WhiteFideId "100692"]
[BlackFideId "2044447"]
[WhiteElo "2444"]
[BlackElo "2347"]
[Result "0-1"]
[Round "05"]
[TimeControl "180+2"]
[Date "2023.05.23"]
[WhiteClock "0:00:17"]
[BlackClock "0:00:05"]

1. d4 d5 2. Nf3 Nf6 3. c4 e6 4. e3 a6 5. cxd5 exd5 6. Nc3 Bd6 7. Be2 O-O 8. O-O c6 9. Rb1 Bg4 10. b4 Nbd7 11. a4 Rc8 12. Bd2 b5 13. a5 Bxf3 14. Bxf3 Ne8 15. e4 dxe4 16. Nxe4 Ndf6 17. Nc5 Bxc5 18. dxc5 Nd5 19. Re1 Nec7 20. Qc2 Ne6 21. Qd3 Ndf4 22. Qxd8 Rfxd8 23. Be3 Nd3 24. Red1 Ne5 25. Be2 g5 26. Rd6 Rxd6 27. cxd6 Rd8 28. Rd1 f5 29. g3 f4 30. gxf4 gxf4 31. Bb6 Rd7 32. f3 Nf7 33. Bc5 Ned8 34. Bd3 Nb7 35. Bf5 Rd8 36. Be6 Kg7 37. d7 Nxc5 38. bxc5 Kf6 39. Bh3 h5 40. Kf2 Ng5 41. Rd6+ Ke7 42. Bf5 Rf8 43. h4 Nf7 44. Rxc6 Nd8 45. Rxa6 Rxf5 46. c6 Rc5 47. Rb6 Rxc6 48. Rxb5 Rc2+ 49. Ke1 Kxd7 50. Rxh5 Ne6 51. a6 Ra2 52. a7 Kd6 53. Rh7 Nd4 54. Kd1 Nxf3 55. h5 Ne5 56. h6 f3 57. Ke1 f2+ 58. Kf1 Ng4 59. Rf7 Ne3# 0-1


[Site "https://www.chess.com"]

[Event "Titled Tuesday Blitz May 23 Late 2023"]
[White "Wizard_of_Odds"]
[Black "Korchmar, Vasiliy"]
[BlackFideId "24131750"]
[WhiteElo "2442"]
[BlackElo "2370"]
[Result "0-1"]
[Round "05"]
[TimeControl "180+2"]
[Date "2023.05.23"]
[WhiteClock "0:00:00"]
[BlackClock "0:00:11"]

1. Nf3 d5 2. e3 Nf6 3. c4 c6 4. b3 e6 5. Bb2 Bd6 6. d4 O-O 7. Nbd2 Nbd7 8. Bd3 Qe7 9. Ne5 a5 10. O-O a4 11. Qc2 a3 12. Bc3 g6 13. Rac1 Ne8 14. f4 f6 15. Nxd7 Bxd7 16. Nf3 Ng7 17. Qd2 b5 18. c5 Bc7 19. e4 dxe4 20. Bxe4 Nf5 21. g4 Nh6 22. g5 fxg5 23. fxg5 Bf4 24. Qg2 Bxc1 25. Rxc1 Nf5 26. Re1 Qg7 27. Ne5 Rac8 28. Ba1 Be8 29. Ng4 Nxd4 30. Nf6+ Rxf6 31. Bxd4 Rf1+ 32. Kxf1 Qxd4 33. Qf2 Rd8 34. Re2 Qe5 35. Qg3 Qxc5 36. Bf3 Bf7 37. Kg2 Qc3 38. Rf2 e5 39. Qg4 Qd4 0-1


[Site "https://www.chess.com"]

[Event "Titled Tuesday Blitz May 23 Late 2023"]
[White "Tomiello, Mateus Costamilan"]
[Black "Mackster23"]
[WhiteFideId "22701958"]
[WhiteElo "1990"]
[BlackElo "2441"]
[Result "1-0"]
[Round "05"]
[TimeControl "180+2"]
[Date "2023.05.23"]
[WhiteClock "0:00:49"]
[BlackClock "0:00:00"]

1. e4 c5 2. Nf3 d6 3. d4 cxd4 4. Nxd4 Nf6 5. Nc3 a6 6. Be2 e5 7. Nb3 Be6 8. Be3 Nbd7 9. Qd3 Rc8 10. Nd5 Bxd5 11. exd5 Nb6 12. Bxb6 Qxb6 13. O-O Be7 14. c4 O-O 15. Rfc1 Nd7 16. Qd2 h6 17. Rc2 f5 18. Rd1 Bg5 19. Qa5 Rc7 20. g3 Rfc8 21. h4 Bf6 22. Rcd2 Qa7 23. Bd3 f4 24. Kg2 e4 25. Bxe4 Rxc4 26. Bf5 b6 27. Qa3 Be5 28. Nd4 fxg3 29. fxg3 Rf8 30. Be6+ Kh8 31. Nc6 Qb7 32. Qd3 b5 33. Rf1 Rxf1 34. Qxf1 Nf6 35. Qf3 Rc5 36. g4 Qc7 37. g5 hxg5 38. hxg5 Nh7 39. g6 1-0


[Site "https://www.chess.com"]

[Event "Titled Tuesday Blitz May 23 Late 2023"]
[White "Arabidze, Meri"]
[Black "QuiesPrecatio"]
[WhiteFideId "13604040"]
[WhiteElo "2405"]
[BlackElo "2439"]
[Result "1-0"]
[Round "05"]
[TimeControl "180+2"]
[Date "2023.05.23"]
[WhiteClock "0:01:19"]
[BlackClock "0:00:35"]

1. d4 Nf6 2. c4 g6 3. g3 Bg7 4. Bg2 d5 5. cxd5 Nxd5 6. Nf3 O-O 7. O-O Nb6 8. Nc3 Nc6 9. d5 Na5 10. Qc2 c6 11. dxc6 Nxc6 12. Rd1 Qc7 13. Nb5 Qb8 14. Bf4 e5 15. Be3 Bf5 16. Qc5 Rd8 17. Bg5 f6 18. Be3 Bf8 19. Qc1 Be6 20. b3 Nd5 21. Bc5 a6 22. Bxf8 Rxf8 23. Nc3 Nxc3 24. Qxc3 Rd8 25. e3 Qc7 26. Nd2 Rac8 27. Ne4 Kg7 28. h3 Rxd1+ 29. Rxd1 Rd8 30. Rc1 Bd5 31. Nc5 Bxg2 32. Ne6+ 1-0


[Site "https://www.chess.com"]

[Event "Titled Tuesday Blitz May 23 Late 2023"]
[White "Pires, Marcos Vinicius Torsani"]
[Black "Eugene, Floryan"]
[WhiteFideId "2118939"]
[BlackFideId "20694784"]
[WhiteElo "2273"]
[BlackElo "2369"]
[Result "0-1"]
[Round "05"]
[TimeControl "180+2"]
[Date "2023.05.23"]
[WhiteClock "0:00:00"]
[BlackClock "0:00:24"]

1. e4 c5 2. c3 d5 3. exd5 Qxd5 4. d4 Nf6 5. Nf3 Bg4 6. Be2 e6 7. h3 Bh5 8. Be3 cxd4 9. cxd4 Nc6 10. Nc3 Qd6 11. O-O Be7 12. Qb3 Qb4 13. Qc2 O-O 14. a3 Qd6 15. Rfd1 Rac8 16. Qb3 Qb8 17. Rac1 Rfd8 18. d5 exd5 19. Nxd5 Nxd5 20. Rxd5 Bg6 21. Rcd1 Bf6 22. Bb5 Rxd5 23. Qxd5 Rd8 24. Qb3 Rxd1+ 25. Qxd1 Bxb2 26. Bxc6 bxc6 27. Bxa7 Qe8 28. Bc5 h6 29. Qd2 Bf6 30. a4 Be4 31. Qe3 Qe6 32. Nd2 Bd5 33. a5 Qc8 34. Ne4 Bd8 35. Nd6 Qb8 36. Qe8+ Kh7 37. Nxf7 Qb1+ 38. Kh2 Bxa5 39. Qh8+ Kg6 40. Ne5+ Kf6 41. Ng4+ Kg6 42. Qe8+ Kh7 43. Qe7 Qf5 44. Bd4 Qf4+ 0-1


[Site "https://www.chess.com"]

[Event "Titled Tuesday Blitz May 23 Late 2023"]
[White "SergioMoralesG"]
[Black "Ambartsumova, Karina"]
[BlackFideId "4166299"]
[WhiteElo "2437"]
[BlackElo "2240"]
[Result "1-0"]
[Round "05"]
[TimeControl "180+2"]
[Date "2023.05.23"]
[WhiteClock "0:00:01"]
[BlackClock "0:00:00"]

1. d4 Nf6 2. c4 d6 3. Nf3 Nbd7 4. Nc3 e5 5. e4 Be7 6. d5 O-O 7. Be2 g6 8. O-O Ne8 9. Ne1 f5 10. f3 f4 11. Nd3 g5 12. b4 a5 13. bxa5 Rxa5 14. Bd2 b6 15. Nb5 Ra8 16. a4 Nc5 17. Nb4 Bd7 18. Nc6 Bxc6 19. dxc6 h5 20. a5 bxa5 21. Rxa5 Rxa5 22. Bxa5 Qa8 23. Qd5+ Kh8 24. Bxc7 Nf6 25. Qd2 Qxc6 26. Rd1 Rc8 27. Bxd6 Rd8 28. Qb4 Bxd6 29. Nxd6 Rxd6 30. Qb8+ Ne8 31. Rxd6 Qxd6 32. Qxe8+ Kg7 33. h3 h4 34. Qh5 Ne6 35. Kh2 Qd2 36. Qe8 Kf6 37. Bf1 Qd1 38. Qh8+ Ke7 39. Qxe5 Qxf1 40. c5 Qd1 41. c6 Qd6 42. Qb5 Kd8 43. e5 Qc7 44. Qd5+ Ke7 45. Qe4 Qc8 46. Qh7+ Ke8 47. Qg8+ Nf8 48. Qd5 Qc7 49. e6 Ke7 50. Qxg5+ Kxe6 51. Qh6+ Kd5 52. Qxf8 Kxc6 53. Qh6+ Kd5 54. Qxh4 Qe5 55. Qg4 Kd4 56. h4 Ke3 57. Qg5 Qe8 58. h5 Kf2 59. Qh4+ Kf1 60. h6 Qg6 61. Qh3 Qa6 62. h7 Qa7 63. g3+ Ke1 64. Qg2 1-0


[Site "https://www.chess.com"]

[Event "Titled Tuesday Blitz May 23 Late 2023"]
[White "Filgueira, Hernan"]
[Black "Golubev, Mikhail"]
[WhiteFideId "101770"]
[BlackFideId "14100983"]
[WhiteElo "2363"]
[BlackElo "2374"]
[Result "1-0"]
[Round "05"]
[TimeControl "180+2"]
[Date "2023.05.23"]
[WhiteClock "0:00:58"]
[BlackClock "0:00:01"]

1. c4 g6 2. g3 Bg7 3. Bg2 e5 4. d3 Nc6 5. Nc3 d6 6. e4 Nd4 7. Nce2 Nxe2 8. Nxe2 Ne7 9. O-O Nc6 10. Be3 O-O 11. Qd2 f5 12. exf5 Bxf5 13. b4 a6 14. Rae1 Qd7 15. a4 Bh3 16. b5 axb5 17. axb5 Bxg2 18. Kxg2 Ne7 19. Nc3 d5 20. Bc5 dxc4 21. Bxe7 Qxe7 22. dxc4 Rad8 23. Qe2 Rd4 24. Ne4 Bh6 25. f3 Qf7 26. c5 Qd5 27. Rf2 c6 28. bxc6 bxc6 29. Rb1 Rd3 30. Rb8 Re3 31. Nf6+ Kg7 32. Nxd5 Rxe2 33. Rb7+ Kh8 34. Rxe2 cxd5 35. Rxe5 d4 36. Rd5 1-0


[Site "https://www.chess.com"]

[Event "Titled Tuesday Blitz May 23 Late 2023"]
[White "Perez Rodriguez, Jennifer"]
[Black "Kiremitciyan, Ari"]
[WhiteFideId "3507831"]
[BlackFideId "6373445"]
[WhiteElo "2116"]
[BlackElo "2181"]
[Result "0-1"]
[Round "05"]
[TimeControl "180+2"]
[Date "2023.05.23"]
[WhiteClock "0:00:08"]
[BlackClock "0:00:08"]

1. e4 e5 2. Nf3 Nc6 3. d4 exd4 4. Bc4 Bc5 5. O-O Nf6 6. e5 d5 7. exf6 dxc4 8. Re1+ Be6 9. Ng5 Qd5 10. Nc3 Qf5 11. g4 Qxf6 12. Nd5 Qd8 13. Rxe6+ fxe6 14. Nxe6 Qd7 15. Ndxc7+ Kf7 16. Qf3+ Kg8 17. Nxa8 Qxe6 18. Bd2 Qf7 19. Qg3 h5 20. g5 h4 21. Qf4 Qxf4 22. Bxf4 Kf7 23. Nc7 Rd8 24. Re1 Bd6 25. Bxd6 Rxd6 26. Nb5 Rd5 27. Na3 Rxg5+ 28. Kf1 b5 29. b3 c3 30. Re4 h3 31. Rh4 a6 32. Rxh3 Nb4 33. Rh4 Rd5 34. Ke2 Nxa2 35. Rf4+ Ke6 36. Re4+ Kd6 37. Re8 Kc7 38. Re7+ Kb6 39. Rxg7 Nb4 40. h4 Re5+ 41. Kd1 Re4 42. Rg6+ Ka5 43. Rg5 Kb6 44. h5 Rh4 45. Rg6+ Kb7 46. h6 Kb8 47. Ke2 d3+ 48. cxd3 c2 49. Nxc2 Nxc2 50. Rg8+ Kb7 51. Rg7+ Kb6 52. h7 Ka5 53. Kf3 Nd4+ 54. Kg3 Rh6 55. Rf7 Ne6 56. Kg4 Nc5 57. Kg5 Rh2 58. Rf4 Ne6+ 59. Kg4 Nxf4 60. h8=Q Rxh8 61. Kxf4 Re8 62. d4 Kb4 63. Kf5 Kxb3 64. d5 Kc4 65. d6 Kc5 66. d7 Rd8 67. Ke6 Kc6 68. f4 Rxd7 69. f5 Rd1 70. f6 Re1+ 0-1


[Site "https://www.chess.com"]

[Event "Titled Tuesday Blitz May 23 Late 2023"]
[White "Rodriguez, Santiago"]
[Black "Sourath Biswas"]
[WhiteFideId "3000591"]
[BlackFideId "35091484"]
[WhiteElo "2249"]
[BlackElo "2171"]
[Result "1-0"]
[Round "05"]
[TimeControl "180+2"]
[Date "2023.05.23"]
[WhiteClock "0:00:54"]
[BlackClock "0:00:09"]

1. d4 Nf6 2. Bg5 d5 3. Bxf6 gxf6 4. e3 c5 5. c4 Nc6 6. cxd5 Qxd5 7. Nc3 Qf5 8. Bd3 Qg5 9. Nf3 Qxg2 10. Rg1 Qh3 11. Rg3 Qh5 12. Nb5 Rb8 13. Nc7+ Kd8 14. Nb5 Ke8 15. Rc1 c4 16. Bxc4 Bh6 17. Be2 Qd5 18. Nc7+ 1-0


[Site "https://www.chess.com"]

[Event "Titled Tuesday Blitz May 23 Late 2023"]
[White "Veiga, Jose Francisco R P Neves"]
[Black "Vega Gutierrez, Sabrina"]
[WhiteFideId "1930087"]
[BlackFideId "2219026"]
[WhiteElo "2320"]
[BlackElo "2209"]
[Result "1-0"]
[Round "05"]
[TimeControl "180+2"]
[Date "2023.05.23"]
[WhiteClock "0:00:52"]
[BlackClock "0:00:00"]

1. e4 c5 2. Nf3 e6 3. d4 cxd4 4. Nxd4 Nf6 5. Nc3 Nc6 6. Ndb5 d6 7. Bf4 e5 8. Bg5 a6 9. Na3 b5 10. Nd5 Be7 11. Bxf6 Bxf6 12. c4 b4 13. Nc2 O-O 14. h4 g6 15. g3 Bg7 16. Bh3 Bxh3 17. Rxh3 Qa5 18. Kf1 Qc5 19. b3 f5 20. Qe2 Nd4 21. Nxd4 exd4 22. exf5 Rae8 23. Qd3 Rxf5 24. Kg2 Rfe5 25. Rhh1 Re2 26. Rhd1 Kh8 27. Rd2 Rxd2 28. Qxd2 d3 29. Re1 Rxe1 30. Qxe1 Qc8 31. Qd2 Qf5 32. Nxb4 Qe4+ 33. f3 Qd4 34. Qxd3 Qb2+ 35. Kh3 Qf2 36. Nd5 Qg1 37. Nf4 Be5 38. Kg4 Qe1 39. Qe4 Qa1 40. h5 Kg7 41. hxg6 1-0


[Site "https://www.chess.com"]

[Event "Titled Tuesday Blitz May 23 Late 2023"]
[White "Ollier, Pablo"]
[Black "Dudzinski, Pawel"]
[WhiteFideId "652318"]
[BlackFideId "1117890"]
[WhiteElo "2571"]
[BlackElo "2099"]
[Result "0-1"]
[Round "05"]
[TimeControl "180+2"]
[Date "2023.05.23"]
[WhiteClock "0:00:01"]
[BlackClock "0:00:45"]

1. d4 d5 2. c4 c6 3. Nc3 e6 4. e3 f5 5. g4 Nf6 6. gxf5 exf5 7. Qb3 Qb6 8. cxd5 Qxb3 9. axb3 Nxd5 10. Nxd5 cxd5 11. Nh3 Bd6 12. Rg1 g6 13. Ng5 Bxh2 14. Rh1 Bd6 15. Bg2 Nc6 16. Bxd5 Nb4 17. Bf7+ Ke7 18. Ke2 Kf6 19. f4 Bd7 20. Bc4 h6 21. Nf3 b5 22. Ne5 bxc4 23. Nxd7+ Ke7 24. Ne5 Bxe5 25. fxe5 cxb3 26. Bd2 a5 27. Bxb4+ axb4 28. Rxa8 Rxa8 29. Rxh6 Ra2 30. Rxg6 Rxb2+ 31. Kd3 Rb1 32. Rb6 Rd1+ 33. Ke2 b2 34. Rxb4 b1=Q 35. Rxb1 Rxb1 36. Kf3 Ke6 0-1


[Site "https://www.chess.com"]

[Event "Titled Tuesday Blitz May 23 Late 2023"]
[White "Danielyan, Vahe"]
[Black "Prydun, Andriy"]
[WhiteFideId "13304828"]
[BlackFideId "14145898"]
[WhiteElo "2423"]
[BlackElo "2164"]
[Result "1-0"]
[Round "05"]
[TimeControl "180+2"]
[Date "2023.05.23"]
[WhiteClock "0:02:22"]
[BlackClock "0:00:02"]

1. e4 c6 2. d4 d5 3. e5 Bf5 4. h4 Bc8 5. Nc3 e6 6. h5 h6 7. f4 Ne7 8. Nf3 Nd7 9. g4 b6 10. Be3 a6 11. Qd2 c5 12. O-O-O c4 13. f5 exf5 14. gxf5 Nxf5 15. Nxd5 Bb7 16. Bxc4 b5 17. Bb3 a5 18. e6 fxe6 19. Nf4 Bxf3 20. Bxe6 Bxh1 21. Bxf5 Bc6 22. d5 Bb7 23. Bg6+ Ke7 24. d6+ Kf6 25. Qd4+ Ne5 26. Nd3 Bxd6 27. Rf1+ Ke6 28. Nxe5 Bxe5 29. Bf7+ Ke7 30. Qxe5+ Kd7 31. Be6+ Ke8 32. Qxg7 Qb6 1-0


[Site "https://www.chess.com"]

[Event "Titled Tuesday Blitz May 23 Late 2023"]
[White "Adewumi, Tanitoluwa"]
[Black "Kirillov, Dmitry"]
[WhiteFideId "30966396"]
[BlackFideId "34180572"]
[WhiteElo "2567"]
[BlackElo "2161"]
[Result "1-0"]
[Round "05"]
[TimeControl "180+2"]
[Date "2023.05.23"]
[WhiteClock "0:00:04"]
[BlackClock "0:00:50"]

1. e4 c6 2. d4 d5 3. exd5 cxd5 4. Bd3 Nc6 5. c3 Nf6 6. h3 g6 7. Nf3 Bf5 8. O-O Bg7 9. Re1 O-O 10. Bf4 Rc8 11. Bxf5 gxf5 12. Qd3 e6 13. Nbd2 Ne4 14. Ne5 Ne7 15. f3 Nxd2 16. Qxd2 Ng6 17. Bg5 Qd6 18. Bh6 Rfe8 19. Re2 Bh8 20. Rae1 Qb6 21. Nd7 Qd8 22. Ne5 Qe7 23. Bg5 Bf6 24. Bxf6 Qxf6 25. Nd7 Qh4 26. Qe3 Kh8 27. Ne5 Rc7 28. Nxg6+ hxg6 29. Qe5+ Kh7 30. Qxc7 Kg7 31. Qe5+ Kh7 32. Qe3 Rh8 33. Qf2 Qg5 34. f4 Qf6 35. Qg3 Kg7 36. Qg5 1-0


[Site "https://www.chess.com"]

[Event "Titled Tuesday Blitz May 23 Late 2023"]
[White "ArtemDyachuk"]
[Black "Zaitsev, Alexander"]
[BlackFideId "4164490"]
[WhiteElo "2566"]
[BlackElo "2373"]
[Result "1-0"]
[Round "05"]
[TimeControl "180+2"]
[Date "2023.05.23"]
[WhiteClock "0:01:50"]
[BlackClock "0:00:00"]

1. Nf3 Nf6 2. c4 e6 3. e3 b6 4. b3 Bb7 5. Bb2 d5 6. cxd5 exd5 7. g3 Bd6 8. Bg2 O-O 9. d4 Nbd7 10. O-O Qe7 11. Nc3 a6 12. a3 Rfe8 13. b4 b5 14. Nd2 Nb6 15. Qc2 h5 16. Rfe1 h4 17. e4 dxe4 18. Ndxe4 Nxe4 19. Nxe4 hxg3 20. hxg3 Nc4 21. Bc3 f5 22. Nxd6 1-0


[Site "https://www.chess.com"]

[Event "Titled Tuesday Blitz May 23 Late 2023"]
[White "Mortazavi, Ali"]
[Black "Arnold, Ken"]
[WhiteFideId "401323"]
[BlackFideId "2056836"]
[WhiteElo "2339"]
[BlackElo "2407"]
[Result "0-1"]
[Round "05"]
[TimeControl "180+2"]
[Date "2023.05.23"]
[WhiteClock "0:00:01"]
[BlackClock "0:00:06"]

1. Nf3 d5 2. g3 Nf6 3. Bg2 g6 4. O-O Bg7 5. d3 O-O 6. Nbd2 Bg4 7. e4 c6 8. h3 Bxf3 9. Qxf3 dxe4 10. dxe4 Nbd7 11. Qe2 Nb6 12. e5 Nfd5 13. e6 f5 14. Nf3 Qc8 15. Re1 h6 16. c4 Nc7 17. Bf4 Rf6 18. Bxc7 Qxc7 19. Rad1 Rff8 20. Nh4 Kh7 21. c5 Nd5 22. Bxd5 cxd5 23. Rxd5 Rad8 24. Red1 Rxd5 25. Rxd5 Bf6 26. Ng2 Qc6 27. Rd7 Qxc5 28. Rxb7 a5 29. b3 Ra8 30. Nf4 a4 31. b4 Qc1+ 32. Kh2 a3 33. Nd5 Qb2 34. Qf3 Rc8 35. Nxe7 Rc2 36. Nd5+ Kh8 37. Rb8+ Kh7 38. Nxf6+ Qxf6 39. Rb7+ Kg8 40. e7 Rc8 41. Qd5+ Qf7 42. Qd8+ Qe8 43. Rd7 Kf7 44. b5 Rc2 45. Kg2 Rxa2 46. Qc7 Re2 47. Qc4+ Re6 48. Ra7 Kf6 49. Qc3+ Kf7 50. Qb3 Kf6 51. Qxa3 Rxe7 52. Qb2+ Kf7 53. Qb3+ Kg7 54. Qc3+ Kg8 55. Qc4+ Kg7 56. Qd4+ Kg8 57. Qd5+ Kg7 58. Qd4+ Kg8 59. b6 Rxa7 60. bxa7 Qa8+ 61. f3 Qb7 62. h4 g5 63. Kh3 g4+ 64. Kh2 gxf3 65. Qd8+ Kf7 66. a8=Q Qb2+ 67. Kh3 Qg2# 0-1


[Site "https://www.chess.com"]

[Event "Titled Tuesday Blitz May 23 Late 2023"]
[White "Gatterer, Florian"]
[Black "Ibadov, Dashgyn"]
[WhiteFideId "811688"]
[BlackFideId "24107514"]
[WhiteElo "2221"]
[BlackElo "2208"]
[Result "1-0"]
[Round "05"]
[TimeControl "180+2"]
[Date "2023.05.23"]
[WhiteClock "0:00:17"]
[BlackClock "0:00:00"]

1. b3 d5 2. Bb2 Nf6 3. Nf3 Bf5 4. g3 e6 5. Bg2 h6 6. O-O Be7 7. d3 O-O 8. Nbd2 Bh7 9. Re1 c5 10. e4 Nc6 11. Qe2 Re8 12. a3 Qc7 13. e5 Nd7 14. c3 b5 15. d4 a6 16. Rac1 Rac8 17. c4 bxc4 18. bxc4 Qb6 19. cxd5 exd5 20. e6 fxe6 21. Qxe6+ Kh8 22. Qxd7 Qxb2 23. dxc5 Red8 24. Qg4 Qxa3 25. Nh4 Bxh4 26. Qxh4 Re8 27. Rxe8+ Rxe8 28. Rd1 Qxc5 29. Qh5 Rf8 30. Qxd5 Qxf2+ 31. Kh1 Nd4 32. Rf1 Qxf1+ 33. Nxf1 Nf5 34. Qc5 Re8 35. Qc6 Rf8 36. Qxa6 Bg8 37. Kg1 Rd8 38. Qb6 Re8 39. Qc6 Rd8 40. Qc5 1-0


[Site "https://www.chess.com"]

[Event "Titled Tuesday Blitz May 23 Late 2023"]
[White "a-z30"]
[Black "Chylewski, Patryk"]
[BlackFideId "1186191"]
[WhiteElo "2404"]
[BlackElo "2163"]
[Result "0-1"]
[Round "05"]
[TimeControl "180+2"]
[Date "2023.05.23"]
[WhiteClock "0:00:00"]
[BlackClock "0:00:47"]

1. d3 d5 2. Nf3 Nf6 3. g3 Bg4 4. Bg2 c6 5. O-O Nbd7 6. c4 e6 7. cxd5 cxd5 8. Nc3 Be7 9. h3 Bh5 10. Bf4 O-O 11. Ne5 Nxe5 12. Bxe5 Qb6 13. Qb3 Qxb3 14. axb3 a6 15. g4 Bg6 16. Rfc1 Rac8 17. Na4 Nd7 18. Bc7 Nc5 19. Nxc5 Rxc7 20. b4 Rfc8 21. d4 b6 22. Nb3 Rxc1+ 23. Rxc1 Rxc1+ 24. Nxc1 Bxb4 25. e3 Kf8 26. Bf1 b5 27. Nd3 Bd6 28. Be2 Ke7 29. Kf1 f6 30. Ke1 Kd7 31. Kd2 Kc6 32. Kc3 a5 33. b3 Bf7 34. f4 Bg6 35. Bf3 Kb6 36. h4 h6 37. h5 Be8 38. Be2 Bc6 39. Kc2 a4 40. bxa4 bxa4 41. Nc1 Bb5 42. Bxb5 Kxb5 43. Na2 Kc4 44. f5 exf5 45. gxf5 Bg3 46. Nc3 a3 47. e4 dxe4 48. Nxe4 Bf4 0-1


[Site "https://www.chess.com"]

[Event "Titled Tuesday Blitz May 23 Late 2023"]
[White "Qiao, Cindy"]
[Black "FoxOnTheRun97"]
[WhiteFideId "2620243"]
[WhiteElo "1777"]
[BlackElo "2556"]
[Result "0-1"]
[Round "05"]
[TimeControl "180+2"]
[Date "2023.05.23"]
[WhiteClock "0:00:08"]
[BlackClock "0:00:09"]

1. d4 Nf6 2. Bf4 d5 3. e3 e6 4. Nf3 Bd6 5. Bg3 O-O 6. Nbd2 c5 7. c3 Qc7 8. dxc5 Qxc5 9. c4 Nc6 10. Rc1 d4 11. e4 e5 12. a3 a5 13. Bd3 Bd7 14. Nb3 Qa7 15. c5 Bc7 16. O-O Bg4 17. Nbd2 Ne7 18. Qc2 Ng6 19. h3 Bd7 20. Nc4 Rfe8 21. Rfe1 Nh5 22. Ncd2 Nhf4 23. b4 axb4 24. axb4 Qa4 25. Rb1 Nxd3 26. Qxd3 Bb5 27. Nc4 Qa2 28. Nfd2 h5 29. Rec1 h4 30. Bh2 Qa6 31. Qf3 Qe6 32. Qd1 Ra2 33. Rb2 Rea8 34. Rcb1 Rxb2 35. Rxb2 Bxc4 36. Nxc4 Qxc4 37. Rc2 Qb3 38. Qc1 Ra3 39. g3 Qa4 40. Rb2 Ra1 41. Rb1 Rxb1 42. Qxb1 hxg3 43. Bxg3 Qb5 44. Qa1 Nf4 45. Qa8+ Kh7 46. Qc8 Qc6 47. Qg4 Qg6 48. Qh4+ Qh6 49. Qg4 d3 50. Qf5+ Qg6 51. Qd7 Ne2+ 52. Kh2 Nxg3 53. fxg3 Qxe4 54. Qxf7 Qe2+ 55. Kg1 d2 56. Qf5+ Kg8 57. Qe6+ Kf8 58. Qc8+ Kf7 59. Qxc7+ Kf6 60. Qd8+ Kf5 61. Qd7+ Ke4 62. Qxb7+ Kd4 63. Qd7+ Kc3 64. c6 Qe1+ 65. Kg2 Qe2+ 66. Kg1 d1=Q+ 67. Qxd1 Qxd1+ 68. Kf2 Qd6 69. b5 Kc4 70. h4 Kxb5 71. c7 Qxc7 72. g4 Qf7+ 73. Ke3 Qf4+ 74. Kd3 Qxg4 75. h5 Qxh5 76. Ke4 Kc6 0-1


[Site "https://www.chess.com"]

[Event "Titled Tuesday Blitz May 23 Late 2023"]
[White "Erzhanov, Arman"]
[Black "Gerbelli Neto, Eduardo"]
[WhiteFideId "4138821"]
[BlackFideId "2103281"]
[WhiteElo "2138"]
[BlackElo "2178"]
[Result "1-0"]
[Round "05"]
[TimeControl "180+2"]
[Date "2023.05.23"]
[WhiteClock "0:00:47"]
[BlackClock "0:00:01"]

1. e4 e5 2. Nf3 Nc6 3. Bb5 a6 4. Bxc6 dxc6 5. O-O Bg4 6. h3 h5 7. d3 Qf6 8. Be3 Bxf3 9. Qxf3 Qxf3 10. gxf3 Bd6 11. Nd2 Ne7 12. Rfb1 a5 13. Nc4 f6 14. Nxd6+ cxd6 15. f4 Ng6 16. f5 Ne7 17. f4 g6 18. fxe5 fxe5 19. fxg6 Rg8 20. Kh2 Rxg6 21. Rg1 Kf7 22. Raf1+ Ke6 23. Rg5 Rag8 24. h4 a4 25. Rf2 Rxg5 26. hxg5 Ng6 27. Rf6+ Ke7 28. Kg3 b5 29. a3 Rg7 30. c3 Rg8 31. d4 Rg7 32. dxe5 Nxe5 33. Rh6 Nd3 34. Rxh5 Nxb2 35. Bd4 Rg6 36. Kf4 Nc4 37. Kf5 Rg8 38. Rh7+ Kd8 39. g6 Nxa3 40. Ra7 Rf8+ 41. Ke6 Re8+ 42. Kxd6 Nc4+ 43. Kxc6 Re6+ 44. Kxb5 Nd6+ 45. Kxa4 Rxg6 46. e5 Nc8 47. Rh7 Ra6+ 48. Kb5 Rg6 49. Kc5 Ne7 50. Rf7 Kd7 51. Rf6 Rg8 52. Rf7 Rc8+ 53. Kb4 Rc6 54. Bc5 Re6 55. Rxe7+ Rxe7 56. Bxe7 Kxe7 57. Kc5 1-0


[Site "https://www.chess.com"]

[Event "Titled Tuesday Blitz May 23 Late 2023"]
[White "OPQRC"]
[Black "Carrasco Miranda, Andres"]
[BlackFideId "3405990"]
[WhiteElo "2552"]
[BlackElo "2183"]
[Result "0-1"]
[Round "05"]
[TimeControl "180+2"]
[Date "2023.05.23"]
[WhiteClock "0:01:55"]
[BlackClock "0:01:55"]

1. e4 e5 2. Nf3 Nc6 3. Bc4 Bc5 4. c3 Nf6 5. d4 exd4 6. b4 Be7 7. e5 Ne4 8. b5 Na5 9. Bd3 d5 10. O-O O-O 11. cxd4 c5 12. Nbd2 Bf5 13. Re1 Nc3 14. Qc2 Bxd3 15. Qxd3 cxd4 16. Nxd4 Rc8 17. Bb2 Na4 18. Rab1 Nxb2 19. Rxb2 Nc4 20. Nxc4 dxc4 21. Qe4 c3 22. Rc2 Rc4 23. Rd1 Bc5 0-1


[Site "https://www.chess.com"]

[Event "Titled Tuesday Blitz May 23 Late 2023"]
[White "FuenfgegenWilly"]
[Black "Bartel, Michal"]
[BlackFideId "1119257"]
[WhiteElo "2371"]
[BlackElo "2282"]
[Result "0-1"]
[Round "05"]
[TimeControl "180+2"]
[Date "2023.05.23"]
[WhiteClock "0:00:38"]
[BlackClock "0:01:11"]

1. e4 e5 2. Nc3 Nf6 3. g3 d5 4. exd5 Nxd5 5. Bg2 c6 6. Nf3 Nxc3 7. bxc3 Bd6 8. d3 O-O 9. O-O Re8 10. Nd2 Nd7 11. c4 Nf6 12. h3 Bf5 13. Bb2 Qd7 14. Kh2 Rad8 15. Qe2 Bc7 16. Rae1 Bg6 17. Qf3 Ba5 18. Re2 Qd6 19. Nb3 Bc7 20. Rfe1 Bh5 21. g4 e4+ 22. Qg3 Qd7 23. gxh5 Bxg3+ 24. fxg3 exd3 25. Rxe8+ Rxe8 26. Rxe8+ Nxe8 27. cxd3 Qxd3 28. Bd4 Qxc4 29. Bxa7 Qa4 30. Bg1 Qxa2 31. Nc5 Nd6 32. h4 Qb2 33. Be3 Nf5 34. Bf4 Nd4 35. Kh3 b6 36. Nd3 Qc3 37. Ne5 Ne2 38. Kg4 Nxf4 39. gxf4 c5 40. Bd5 b5 41. h6 gxh6 42. Kf5 Kg7 43. Bxf7 b4 44. Be6 b3 0-1


[Site "https://www.chess.com"]

[Event "Titled Tuesday Blitz May 23 Late 2023"]
[White "Tologon tegin, Semetei"]
[Black "Smiechu"]
[WhiteFideId "13800574"]
[WhiteElo "2247"]
[BlackElo "2354"]
[Result "1-0"]
[Round "05"]
[TimeControl "180+2"]
[Date "2023.05.23"]
[WhiteClock "0:00:07"]
[BlackClock "0:00:00"]

1. d4 Nf6 2. Nc3 c5 3. d5 g6 4. e4 d6 5. g3 Bg7 6. Bg2 O-O 7. Nge2 a6 8. a4 Nbd7 9. O-O Rb8 10. a5 b5 11. axb6 Nxb6 12. h3 e6 13. dxe6 Bxe6 14. Rxa6 Qc8 15. Ra7 Bxh3 16. Qxd6 Bxg2 17. Kxg2 Nc4 18. Qe7 Nxb2 19. Be3 Nc4 20. Bxc5 Nd2 21. Rd1 Ndxe4 22. Nxe4 Nxe4 23. Qxe4 Qxc5 24. Rdd7 Rbc8 25. Qf3 Qc4 26. Nf4 Qc6 27. Nd5 Kh8 28. Rxf7 Rg8 29. Ne7 Qxf3+ 30. Rxf3 Ra8 31. Rc7 Rgf8 32. Rxf8+ Bxf8 33. Nd5 Bg7 34. c4 Bd4 35. c5 Ra5 36. Rc8+ Kg7 37. Nc7 Kf6 38. c6 Rc5 39. Na6 Rc2 40. c7 Rxf2+ 41. Kh3 Kg5 42. Rd8 Bb6 43. Rd5+ Kh6 44. c8=Q 1-0


[Site "https://www.chess.com"]

[Event "Titled Tuesday Blitz May 23 Late 2023"]
[White "Alahakoon, Isuru"]
[Black "Prem, Pranav"]
[WhiteFideId "9900993"]
[BlackFideId "30901057"]
[WhiteElo "1953"]
[BlackElo "1970"]
[Result "1-0"]
[Round "05"]
[TimeControl "180+2"]
[Date "2023.05.23"]
[WhiteClock "0:00:11"]
[BlackClock "0:00:02"]

1. Nf3 d5 2. e3 Nf6 3. c4 e6 4. b3 Be7 5. Bb2 Nbd7 6. Nc3 O-O 7. Qc2 c5 8. cxd5 exd5 9. d4 b6 10. Bd3 Bb7 11. O-O Rc8 12. Rac1 Bd6 13. Qb1 Qe7 14. Nb5 Bb8 15. dxc5 bxc5 16. Bf5 d4 17. exd4 Bxf3 18. gxf3 cxd4 19. Rfe1 Qb4 20. Nxd4 Qd6 21. Ne2 Qxh2+ 22. Kf1 Rxc1 23. Qxc1 Qh1+ 24. Ng1 Qh5 25. Bh3 Bh2 26. Bg2 Bxg1 27. Kxg1 h6 28. Qd2 Qf5 29. Qd4 Rc8 30. Re7 Rc2 31. Rxd7 Nxd7 1-0


[Site "https://www.chess.com"]